 Dungeon Crawl Stone Soup version bcrawl-1.36.2 (webtiles) character file.

Game seed: 9697773859358142556

202137 Morbidden the Magician (level 6, -1/38 HPs)
             Began as a Fairy Air Elementalist on May 21, 2022.
             Slain by a killer bee zombie (6 damage)
             ... in an ossuary.
             The game lasted 00:02:59 (2861 turns).

Morbidden the Magician (Fairy Air Elementalist)     Turns: 2861, Time: 00:02:59

Health: -1/38      AC:  5    Str:  6    XL:     6   Next: 74%
Magic:  15/15      EV: 17    Int: 20    God:
Gold:   195        SH:  5    Dex: 13    Spells: 11/15 levels left

rFire    + . .     SeeInvis .     - Fists (4.4)
rCold    . . .     Gourm    .   (shield restricted)
rNeg     . . .     Faith    .   (armour unavailable)
rPois    +         Spirit   .   (no helmet)
rElec    .         Reflect  .   (no cloak)
rCorr    .                      (no gloves)
MR       .....                  (no boots)
Stlth    ..........             (no amulet)
HPRegen  0.12/turn              p - ring "Nasol" {rPois Stlth--}
MPRegen  0.14/turn              n - ring of protection from fire

@: flying evasively
A: small, magic attunement, unstealthy, unfitting armour, able to fly, AC/SH +5
a: Stop Flying


You were in an ossuary.
You were hungry.

You visited 1 branch of the dungeon, and saw 4 of its levels.
You also visited: Ossuary.

You collected 195 gold pieces.

Inventory:

Missiles
 t - 105 poisoned tomahawks (quivered)
Jewellery
 n - a ring of protection from fire (right hand)
 p - the ring "Nasol" (left hand) {rPois Stlth--}
   (You found it on level 2 of the Dungeon)

   [ring of attention]

   It protects you from poison.
   It makes you much less stealthy.
Wands
 u - a wand of digging (8)
Scrolls
 d - 3 scrolls of remove curse {unknown}
 k - a scroll of teleportation {unknown}
 l - a scroll of enchant armour {unknown}
 o - 2 scrolls of noise {unknown}
 r - a scroll of blinking {unknown}
 s - a scroll of fear {unknown}
 v - a scroll of magic mapping {unknown}
Potions
 a - a potion of might {unknown}
 b - a potion of flight
 c - 4 potions of curing {unknown}
 g - a potion of brilliance {unknown}
 h - a potion of agility {unknown}
 j - a potion of invisibility {unknown}
 q - a potion of haste {unknown}
Comestibles
 e - 7 rations {!d}


   Skills:
 * Level 1.2 Fighting
 * Level 4.0 Dodging
 + Level 1.6 Stealth
 * Level 1.9 Unarmed Combat
 * Level 5.2 Spellcasting
 * Level 3.2 Conjurations
 * Level 5.0 Air Magic


You had 11 spell levels left.
You knew the following spells:

 Your Spells              Type           Power        Failure   Level  Hunger
a - Shock                 Conj/Air       ###..        1%          1    None
b - Static Discharge      Air            ####....     4%          3    None

Your spell library contained the following spells:

 Spells                   Type           Power        Failure   Level  Hunger
 Swiftness                Chrm/Air       ###.....     6%          2    None
 Airstrike                Air            ####......   14%         4    None
 Lightning Bolt           Conj/Air       ###.......   50%         5    None


Dungeon Overview and Level Annotations

Branches:
Dungeon (4/12)
 Temple: D:4-7

Altars:
Makhleb
Sif Muna
Beogh

Annotations:
D:3 3 runed translucent doors, 2 transporters, Morbidden's ghost, amateur VSAc


Innate Abilities, Weirdness & Mutations

Your spells do not cause hunger and MP costs are reduced by 1.
Your bright wings attract enemies. (Stealth-)
You cannot fit into any form of body armour.
Your shimmering scales are hard and can block incoming attacks. (AC +5, SH +5)
You are small and have problems with some larger weapons.
You can fly continuously.


Message History

Casting: Shock (safe; 1% risk of failure)
Confirm with . or Enter, or press ? or * to list all spells.
Aiming: Shock (safe; 1% risk of failure)
Press: ? - help, Shift-Dir - straight line, f/p - killer bee zombie
Aim: a killer bee zombie (severely damaged)
The zap hits the killer bee zombie.
The killer bee zombie is severely damaged.
The killer bee zombie hits you!
* * * LOW HITPOINT WARNING * * *
The killer bee zombie closely misses you.
No path to travel!
Casting: Shock (safe; 1% risk of failure)
Confirm with . or Enter, or press ? or * to list all spells.
Aiming: Shock (safe; 1% risk of failure)
Press: ? - help, Shift-Dir - straight line, f/p - killer bee zombie
Aim: a killer bee zombie (severely damaged)
The zap misses the killer bee zombie.
The killer bee zombie closely misses you.
The killer bee zombie hits you.
You die...

##### #∩..#
#.@.# #.Z.#
##'##
≈≈≈.≈.≈....+
+#≈#.≈.#'#+#
.≈P#. .#
≈≈≈###≈ ##
≈≈ ## ≈


You could see a killer bee zombie.

Vanquished Creatures
  An ogre (D:2)
  An orc priest (D:3)
  A crimson imp (D:3)
  Jessica (D:3)
  An orc wizard (D:3)
  A hound zombie (Ossuary)
  3 mummies (Ossuary)
  2 worker ant zombies (Ossuary)
  An adder (D:3)
  3 worms
  A dart slug (D:2)
  3 leopard geckos
  11 orcs
  A giant cockroach (D:2)
  A goblin (D:2)
  7 hobgoblins
  4 kobolds
  A quokka (D:3)
  7 bats
  4 frilled lizards
  A goblin zombie (D:4)
  8 rats
  A rat zombie (D:4)
65 creatures vanquished.

Vanquished Creatures (others)
  A withered plant (Ossuary)
1 creature vanquished.

Grand Total: 66 creatures vanquished

Notes
Turn   | Place    | Note
-------+----------+-------------------------------------------
     0 | D:1      | Morbidden the Fairy Air Elementalist began the quest for
                  | the Orb.
     0 | D:1      | Reached XP level 1. HP: 11/11 MP: 6/6
   431 | D:1      | Reached XP level 2. HP: 17/17 MP: 7/7
   947 | D:1      | Got a brightly glowing granite ring
  1094 | D:2      | Reached XP level 3. HP: 22/22 MP: 9/9
  1098 | D:2      | Learned a level 3 spell: Static Discharge
  1272 | D:2      | Found a shimmering blue altar of Sif Muna.
  1358 | D:2      | Got a coiled glass ring
  1419 | D:2      | Noticed an ogre
  1430 | D:2      | Killed an ogre
  1431 | D:2      | Reached skill level 1 in Fighting
  1431 | D:2      | Reached XP level 4. HP: 28/28 MP: 10/12
  1431 | D:2      | Reached XP level 5. HP: 33/33 MP: 10/13
  1757 | D:3      | Noticed Jessica
  1763 | D:3      | Killed Jessica
  1823 | D:3      | Found a runed translucent gate.
  1823 | D:3      | Found a runed translucent gate.
  1823 | D:3      | Found a runed translucent gate.
  1828 | D:3      | Noticed Morbidden's ghost (amateur VSAc)
  1832 | D:3      | Identified the +1 leather armour "Nycunem" {*Drain rF+++
                  | Dex+4}
  1923 | D:3      | Noticed a kobold demonologist
  1929 | D:3      | Found a transporter.
  1955 | D:3      | Found a transporter.
  2287 | D:3      | Reached skill level 1 in Unarmed Combat
  2287 | D:3      | Reached XP level 6. HP: 38/38 MP: 14/14
  2302 | D:3      | Found a burning altar of Makhleb.
  2657 | D:3      | Found a roughly hewn altar of Beogh.
  2712 | D:3      | Identified the ring of the City {+Blink Stlth--} (You found
                  | it on level 1 of the Dungeon)
  2713 | D:3      | Identified the ring "Nasol" {rPois Stlth--} (You found it
                  | on level 2 of the Dungeon)
  2762 | D:4      | Found a sand-covered staircase.
  2774 | Ossuary  | Entered an ossuary
  2789 | Ossuary  | Reached skill level 5 in Air Magic
  2815 | Ossuary  | Reached skill level 5 in Spellcasting
  2861 | Ossuary  | Slain by a killer bee zombie

Skill      XL: |  1  2  3  4  5  6 |
---------------+-------------------+-----
Spellcasting   | 3 4 5 |  5.2
Air Magic      | 4 5 |  5.0
Conjurations   | 2 3 |  3.2
Fighting       | 1 |  1.2
Dodging        | 3 4 |  4.0
Unarmed Combat | 1 |  1.9
Stealth        | |  1.6

Action                   |  1- 3 |  4- 6 || total
-------------------------+-------+-------++-------
 Cast: Shock             |    71 |   109 ||   180
       Static Discharge  |       |     5 ||     5
  Use: Scroll            |       |     2 ||     2
  Eat: Chunk             |     1 |     4 ||     5
Armor: Skin              |     1 |     4 ||     5
Dodge: Dodged            |    10 |    23 ||    33
Block: Other             |     1 |     8 ||     9
